 Dungeon Crawl Stone Soup version 0.27-a0-54-g64bdb92e38 (webtiles) character file.

Game seed: 8089307668957960987

7350 SkiChan the Fighter (level 11, -7/71 HPs)
             Began as a Gargoyle Fighter on Jan 7, 2021.
             Was a High Priest of Okawaru.
             Killed by divine providence
             ... invoked by an orc priest
              (17 damage)
             ... on level 9 of the Dungeon.
             The game lasted 00:17:24 (10678 turns).

SkiChan the Fighter (Gargoyle Fighter)             Turns: 10678, Time: 00:17:25

Health: -7/71      AC: 21    Str: 21    XL:     11   Next: 13%
Magic:  13/13      EV: 11    Int: 10    God:    Okawaru [*****.]
Gold:   740        SH: 12    Dex: 16    Spells: 10/10 levels left

rFire    x . .     SeeInvis .   y - +4 flail
rCold    + . .     Faith    .   c - +0 kite shield
rNeg     + . .     Spirit   .   o - +0 chain mail
rPois    ∞         Reflect  .   R - -2 helmet of the Tundras {rElec rPois rCorr Dex+6}
rElec    +         Harm     .   (no cloak)
rCorr    +         Rampage  .   M - +0 pair of gloves (curse)
Will     .....                  m - +0 pair of boots
Stlth    ..........             (no amulet)
HPRegen  0.21/turn              P - ring of ice
MPRegen  0.13/turn              H - +4 ring of evasion

@: no status effects
A: negative energy resistance 1, electricity resistance, unbreathing,
petrification resistance, miasma immunity, AC +8
a: Renounce Religion, Heroism, Finesse


You were on level 9 of the Dungeon.
You worshipped Okawaru.
Okawaru was extremely pleased with you.
You visited 1 branch of the dungeon, and saw 9 of its levels.
You also visited: Sewer and Bailey.

You collected 740 gold pieces.

Inventory:

Hand Weapons
 q - a +0 arbalest
 y - a +4 flail (weapon)
 K - a +0 great sword of freezing
Missiles
 f - 10 atropa-tipped darts
 r - 3 curare-tipped darts
 u - 8 boomerangs of dispersal (quivered)
 w - 15 poisoned darts
 A - 61 bolts
 B - 4 javelins
Armour
 c - a +0 kite shield (worn)
 m - a +0 pair of boots (worn)
 o - a +0 chain mail (worn)
 M - a cursed +0 pair of gloves (worn)
 Q - a +1 plate armour of poison resistance
 R - the -2 helmet of the Tundras (worn) {rElec rPois rCorr Dex+6}
   (You found it in a bailey)

   It affects your dexterity (+6).
   It insulates you from electricity.
   It protects you from poison.
   It provides partial protection from all sources of acid and corrosion.
 U - a +1 helmet of intelligence
Jewellery
 l - an uncursed ring of resist corrosion
 F - an uncursed ring of positive energy
 H - a +4 ring of evasion (right hand)
 N - an uncursed ring of fire
 P - a ring of ice (left hand)
 V - an uncursed ring of magical power {unknown}
Wands
 n - a wand of polymorph (4)
 C - a wand of flame (3)
 I - a wand of random effects (28)
 L - a wand of acid (4)
 O - a wand of digging (8)
Scrolls
 e - 9 scrolls of teleportation {unknown}
 g - 3 scrolls of fear {unknown}
 h - 3 scrolls of fog {unknown}
 i - 9 scrolls of identify
 j - 4 scrolls of remove curse {unknown}
 s - 3 scrolls of enchant armour {unknown}
 t - 2 scrolls of enchant weapon {unknown}
 v - 2 scrolls of immolation {unknown}
 z - a scroll of blinking {unknown}
 D - 3 scrolls of magic mapping {unknown}
Potions
 a - a potion of brilliance {unknown}
 b - a potion of resistance {unknown}
 d - 4 potions of might
 k - 4 potions of curing
 p - a potion of cancellation {unknown}
 x - 3 potions of haste {unknown}
 E - a potion of invisibility {unknown}
 G - 6 potions of lignification {unknown}
 J - a potion of magic {unknown}
 S - a potion of berserk rage {unknown}
 T - 10 potions of ambrosia


   Skills:
 * Level 9.4 Fighting
 * Level 8.1 Maces & Flails
 + Level 5.0 Crossbows
 * Level 9.3 Armour
 * Level 9.1 Shields
 * Level 3.1 Invocations


You had 10 spell levels left.
You didn't know any spells.
Your spell library contained the following spells:

 Spells                   Type           Power        Failure   Level
 Animate Skeleton         Necr           0%           99%         1
 Apportation              Tloc           0%           99%         1
 Corona                   Hex            0%           99%         1
 Foxfire                  Conj/Fire      0%           99%         1
 Summon Small Mammal      Summ           0%           99%         1
 Confusing Touch          Hex            0%           100%        3
 Conjure Flame            Conj/Fire      0%           100%        3
 Gell's Gravitas          Tloc           0%           100%        3
 Inner Flame              Hex/Fire       0%           100%        3
 Petrify                  Tmut/Erth      0%           100%        4
 Sticky Flame             Conj/Fire      0%           100%        4
 Fireball                 Conj/Fire      0%           100%        5
 Metabolic Englaciation   Hex/Ice        0%           100%        5
 Yara's Violent Unravell  Hex/Tmut       0%           100%        5


Dungeon Overview and Level Annotations

Branches:
Dungeon (9/15)             Temple (0/1) D:7             Orc (0/2) D:9
  Sewer (visited)          Bailey (visited)
   Lair: D:8-11

Altars:
Dithmenos
Hepliaklqana
Nemelex Xobeh
Okawaru
Sif Muna

Shops:
D:7 *


Innate Abilities, Weirdness & Mutations

You are resistant to torment.
Your stone body is resilient. (AC +8)
You are immune to poison.
You resist negative energy. (rN+)
You are resistant to electric shocks. (rElec)
You can survive without breathing.
You are immune to petrification.
You are immune to miasma.


Message History

You hit the two-headed ogre.
The two-headed ogre is lightly wounded.
The two-headed ogre hits you with a +0 giant spiked club.
The two-headed ogre hits you with a +0 giant spiked club!
The orc priest calls down the wrath of Beogh upon you.
Beogh smites you!
* * * LOW HITPOINT WARNING * * *
You sock the orc warrior!
The orc warrior is moderately wounded.
The orc warrior barely misses you.
You feel better.
The orc priest grunts repeatedly.
The orc priest calls down the wrath of Beogh upon you.
Beogh smites you!
* * * LOW HITPOINT WARNING * * *
The orc warrior hits you with a +0 dire flail.
* * * LOW HITPOINT WARNING * * *
The orc priest calls down the wrath of Beogh upon you.
Beogh smites you!
You die...

#.##.# ####....... ###
#.##.# ###...†o.....
#.##.###....#.......
#.##.##...o###o....#
#...##....o###.8.8.#
######......#.......#..
#..#.#oO#..#o#..#..
#.##.##o#.# .##.#.#
#.#...#@#.# .#.#.#
#.#.[.#.#.# #.#.# .
#.##.##.#.## ##.#.## #.
#..#.#..#.†#+#..#..#+#..
#.......'.)((...'.......
##.....###)8.8)###..8..#
##...## ##...#####...##
#...# #####...#...#.
##.## ........#..##


You could see a two-headed ogre, an orc warrior and 3 orc priests.

Vanquished Creatures
  Harold (D:8)
  Pikel (D:8)
  An orc knight (Bailey)
  A queen bee (D:9)
  Prince Ribbit (D:8)
  Grinder (D:6)
  Grum (D:8)
  A black bear (D:9)
  A sky beast (D:5)
  4 orc warriors
  2 phantoms (D:8)
  5 ice beasts
  4 wolves (D:8)
  4 ogres
  4 centaurs
  A big kobold (D:9)
  3 bullfrogs
  2 water moccasin skeletons
  28 killer bees
  2 scorpions
  A howler monkey (D:6)
  6 orc wizards
  A bullfrog skeleton (D:5)
  2 orc priests
  3 hounds
  Terence (D:2)
  A centaur skeleton (D:8)
  4 iguanas
  8 worker ants
  A killer bee zombie (D:5)
  3 gnolls (D:8)
  15 adders
  A howler monkey skeleton (D:4)
  3 river rats (Sewer)
  2 shadow imps
  5 white imps
  An ufetubus (D:5)
  2 adder skeletons (D:4)
  4 worms
  A dart slug (D:1)
  6 leopard geckos
  37 orcs
  6 ball pythons
  9 bats
  10 giant cockroaches
  12 goblins
  6 hobgoblins
  4 jackals
  13 kobolds
  2 quokkas
  15 frilled lizards
  A jackal skeleton (D:5)
  A jackal zombie (D:5)
  2 leopard gecko skeletons
  A quokka zombie (D:5)
  14 rats
272 creatures vanquished.

Notes
Turn   | Place    | Note
-------+----------+-------------------------------------------
     0 | D:1      | SkiChan the Gargoyle Fighter began the quest for the Orb.
     0 | D:1      | Reached XP level 1. HP: 14/14 MP: 1/1
   227 | D:1      | Reached XP level 2. HP: 19/19 MP: 2/2
   406 | D:1      | Found an iron altar of Okawaru.
   420 | D:1      | Became a worshipper of Warmaster Okawaru
   630 | D:1      | Reached XP level 3. HP: 20/24 MP: 3/3
  1102 | D:2      | Noticed Terence
  1113 | D:2      | Killed Terence
  1125 | D:2      | Reached XP level 4. HP: 29/29 MP: 4/4
  1288 | D:2      | Found a faded altar of an unknown god.
  2539 | D:3      | Reached XP level 5. HP: 29/34 MP: 5/5
  3459 | D:4      | Found a glowing drain.
  3486 | Sewer    | Entered a sewer
  3758 | Sewer    | Reached XP level 6. HP: 39/39 MP: 6/6
  4371 | D:5      | Entered Level 5 of the Dungeon
  4400 | D:5      | Found a shadowy altar of Dithmenos.
  4520 | D:5      | Noticed an ice beast
  4530 | D:5      | Killed an ice beast
  4530 | D:5      | Reached * piety under Okawaru
  4531 | D:5      | Reached skill level 5 in Fighting
  4531 | D:5      | Reached skill level 1 in Crossbows
  4531 | D:5      | Reached skill level 5 in Armour
  4711 | D:5      | Reached XP level 7. HP: 44/44 MP: 7/7
  4831 | D:5      | Reached skill level 5 in Shields
  5270 | D:6      | Reached ** piety under Okawaru
  5271 | D:6      | Reached XP level 8. HP: 50/51 MP: 8/8
  5329 | D:6      | Found a sparkling altar of Nemelex Xobeh.
  5576 | D:6      | Reached skill level 5 in Maces & Flails
  5746 | D:6      | Noticed Grinder
  5746 | D:6      | Paralysed by Grinder for 5 turns
  5764 | D:6      | Paralysed by Grinder for 3 turns
  5771 | D:6      | Killed Grinder
  6496 | D:7      | Reached *** piety under Okawaru
  6497 | D:7      | Reached XP level 9. HP: 49/56 MP: 9/9
  6669 | D:7      | Found a staircase to the Ecumenical Temple.
  6689 | D:7      | Found Zips's Assorted Antiques.
  6796 | D:7      | Found a hazy altar of Hepliaklqana.
  7166 | D:8      | Found a shimmering blue altar of Sif Muna.
  7175 | D:8      | Found a flagged portal.
  7259 | Bailey   | Entered a bailey
  7660 | Bailey   | Noticed an orc knight
  7660 | Bailey   | Noticed an orc knight
  7790 | Bailey   | Identified the Volume of the Oath and Confrontation
  7792 | Bailey   | Got a transparent helmet
  7798 | Bailey   | Identified the -2 helmet of the Tundras {rElec rPois rCorr
                  | Dex+6} (You found it in a bailey)
  8228 | Bailey   | Killed an orc knight
  8285 | D:8      | Noticed Pikel
  8287 | D:8      | Noticed Grum
  8300 | D:8      | Killed Pikel
  8300 | D:8      | Reached **** piety under Okawaru
  8323 | D:8      | Killed Grum
  8329 | D:8      | Reached XP level 10. HP: 17/64 MP: 10/10
  8362 | D:8      | Reached ***** piety under Okawaru
  8591 | D:8      | Noticed Prince Ribbit
  8778 | D:8      | Noticed Harold
  8808 | D:8      | Killed Harold
  8808 | D:8      | Received a gift from Okawaru
  8883 | D:8      | Killed Prince Ribbit
  8884 | D:8      | Reached skill level 1 in Invocations
 10168 | D:9      | Reached XP level 11. HP: 62/71 MP: 12/12
 10398 | D:9      | Received a gift from Okawaru
 10611 | D:9      | Reached skill level 5 in Crossbows
 10660 | D:9      | Found a staircase to the Orcish Mines.
 10661 | D:9      | Noticed a two-headed ogre
 10678 | D:9      | Killed from afar by an orc priest

Illustrated notes

Levels and vault maps discovered:
D:1:      giann_wishing_wells, layout_basic, minivault_5,
          okawaru_ov_weapons_minmay
D:2:      layout_basic, chequers_ecumenical_altar_simple, minmay_crystal_room,
          chequers_serial_rivers_room_a, uniq_terence
D:3:      layout_loops_cross
D:4:      layout_cave_pools, cheibrodos_sewer_entry_drain
D:5:      cheibrodos_barr_body, layout_loops_cross, lemuel_crystal_altar
D:6:      layout_gridville, basic_altar, minivault_26, minmay_crystal_water,
          hangedman_decor_clover_reticule, uniq_grinder
D:7:      layout_basic, temple_green, serial_shops, nicolae_shop_crystal,
          chequers_serial_rivers_room_b, kennysheep_flooded_box,
          hangedman_abyss_or_decor_slice
D:8:      layout_basic, enter_bailey_5, basic_altar, uniq_harold, uniq_grum,
          uniq_prince_ribbit1, uniq_pikel
D:9:      layout_loops_ring, david_orc_1_choice, special_room [special_room_bee]

Skill      XL: |  1  2  3  4  5  6  7  8  9 10 11 |
---------------+----------------------------------+-----
Fighting       | 4 5 6 8 9 |  9.4
Armour         | 4 5 6 7 9 |  9.3
Maces & Flails | 3 4 5 6 7 8 |  8.1
Shields        | 4 5 6 7 8 9 |  9.1
Crossbows      | 1 2 3 4 5 |  5.0
Invocations    | 2 3 |  3.1

Action                   |  1- 3 |  4- 6 |  7- 9 | 10-12 || total
-------------------------+-------+-------+-------+-------++-------
Melee: Flail             |    62 |   336 |   400 |   378 ||  1176
Invok: Heroism           |       |       |       |     2 ||     2
       Finesse           |       |       |       |     1 ||     1
Evoke: Wand              |       |       |    13 |       ||    13
  Use: Scroll            |       |     1 |       |       ||     1
       Potion            |       |       |     3 |     7 ||    10
Armor: Scale mail        |    37 |       |       |       ||    37
       Chain mail        |     4 |   230 |   245 |   197 ||   676
Dodge: Dodged            |    18 |    87 |   194 |   176 ||   475
Block: Kite shield       |    31 |   192 |   287 |   298 ||   808

Table legend: (Time is in decaauts)
 A = Elapsed time spent in this place.
 B = Non-inter-level travel time spent in this place.
 C = Inter-level travel time spent in this place.
 D = Time resting spent in this place.
 E = Time spent auto-exploring this place.
 F = Levels seen in this place.
 G = Mean time per level.
                   A        B        C        D        E       F      G
               +--------+--------+--------+--------+--------+-----+--------+
         Total |  10932 |  10464 |    468 |   1375 |   6644 |  11 |  993.8 |
       Dungeon |   9318 |   8850 |    468 |    820 |   6067 |   9 | 1035.3 |
         Sewer |    636 |    636 |      0 |      0 |    490 |   1 |  636.0 |
        Bailey |    977 |    977 |      0 |    555 |     87 |   1 |  977.0 |
               +--------+--------+--------+--------+--------+-----+--------+

Top non-repeatable levels by time:
     D:8: 1566 daAuts
     D:2: 1470 daAuts
     D:1: 1215 daAuts
     D:6: 1047 daAuts
     D:7: 1014 daAuts
     D:9: 999 daAuts
  Bailey: 977 daAuts
     D:5: 798 daAuts
     D:3: 678 daAuts
   Sewer: 636 daAuts
     D:4: 528 daAuts
